dl, lawful male human Archeologist ----- ---------- ------ |@d.-#########|........| |.(.<.## ------- |qS.| #-........| |....| # |.+...| |...| |........| #|....| ### #......| -|-.- |........| #.....| # ------- ###|.....| ### |........| ###------ ##-...._| # ---|--- # -|-------- # |.....| ### # # # ### ############......| # # # # # # |...(..#### # # # ### ### ------- ## # # # # --.-------- ------)---- # ## ### |.........| |.......... ### ## # # |.........| |.........| # # ### #..........| |....+....| -.----# # |.{.......| |.........| |.>..|### |.........| |.........| |....-# ----------- |..$......| ##-....| ----------- ------ dl the Field Worker Experience level: 3 Strength: 17 Dexterity: 12 Constitution: 11 Intelligence: 16 Wisdom: 12 Charisma: 9 Health: 0(26) Energy: 9(9) Def: 7 Gold: 896 Moves: 2077 Dungeon seed: zkxZG44oFLd2EirU Game ID: dl_1523112938 Your Inventory: Coins $ - 896 gold pieces Weapons v - a +0 dart (in quiver) Armor n - a blessed +2 orcish helm (being worn) z - an uncursed +0 scale mail (being worn) Comestibles b - 9 uncursed food rations h - 2 uncursed candy bars Potions H - an uncursed potion of object detection Rings s - an uncursed ring of cold resistance x - an uncursed ring of searching Tools c - a +0 pick-axe (weapon in hand) d - a tinning kit (0:65) f - an uncursed sack m - an uncursed magic whistle I - an uncursed mirror Gems q - an uncursed touchstone y - an uncursed citrine stone N - an uncursed jade stone Y - an uncursed fluorite stone Spells and supernatural/magical abilities: Name Level Category Fail Memory z - sleep 1 enchantment 100% 91% R - restore ability 4 healing 100% 99% W - pray for help -- divine ? -- Your skills at the end: Fighting Skills Weapon Skills pick-axe [Basic] whip [Basic] Spellcasting Skills Final Attributes: You were piously aligned. You were stealthy. You were fast. You are dead. Vanquished creatures: a water nymph a floating eye a rothe a monkey 4 orc zombies an acid blob a large kobold 2 cave spiders 3 jackals a fox a goblin 4 sewer rats 6 grid bugs 2 lichens 7 newts 36 creatures vanquished. Genocided species: liches demiliches master liches arch-liches 4 species genocided. Voluntary challenges: You were an atheist. You used a wielded weapon 36 times, starting on turn 11. You read items or engraved 29 times, starting on turn 192. You genocided 4 types of monsters, starting on turn 422. You never polymorphed an object. You never changed form. You used no wishes. You never split a pudding. You wrote Elbereth's name 5 times, starting on turn 1521. You never violated your personal moral code. Dungeon overview: The Dungeons of Doom: levels 1 to 5 Level 1 a long staircase Level 2 some fountains, a sink Level 3 Level 4 a fountain a long staircase Level 5 <- You were here an altar to Camaxtli, a fountain History has recorded: On T:1 you entered the Dungeons of Doom to retrieve the Amulet of Yendor! On T:271 you reached level 2 of The Dungeons of Doom. On T:703 you reached level 3 of The Dungeons of Doom. On T:1057 you reached level 4 of The Dungeons of Doom. On T:1120 you advanced to experience level 2. On T:1464 you reached level 5 of The Dungeons of Doom. On T:1504 you advanced to experience level 3. Score breakdown: Gold: 896 (10044 points) Experience: 3 levels ( 7878 points) Exploration: 5 levels ( 10.87%) ( 8944 points) Discoveries: 15 items ( 5.05%) ( 6741 points) Valuables value: (no points given unless you survive) Artifact value: 0 ( 0 points) Variety of kills: 15 monsters ( 3.94%) ( 5952 points) Turncount: 2077 turns ( -56 points) Survival: died (score multiplied by 80%) Total score: 31602 Latest messages: You see here an uncursed food ration. b - an uncursed food ration. You displace azog. The rothe hits! The rothe misses. (2x) You hit the rothe. The rothe misses. The rothe bites! (2x) You miss the rothe. The rothe misses. The rothe bites! (2x) You write in the dust with your fingers. You produce a strange whistling sound. The rothe hits! The rothe bites! You die... The sack is empty. The sack is empty. Final status: Goodbye dl the Archeologist, killed by a rothe... You died in The Dungeons of Doom on dungeon level 5 with 31602 points, and 896 pieces of gold, after 2077 moves. You were level 3 with a maximum of 26 hit points when you died.